 Dungeon Crawl Stone Soup version 0.29-a0-334-gb41bcbb86e (webtiles) character file.

Game seed: 1376518323027232675

214 KateM the Chopper (level 5, 0/47 HPs)
             Began as a Minotaur Fighter on Apr 15, 2022.
             Was a Follower of Okawaru.
             Slain by a sky beast (5 damage)
             ... on level 4 of the Dungeon.
             The game lasted 00:02:30 (2545 turns).

KateM the Chopper (Minotaur Fighter)                Turns: 2545, Time: 00:02:33

Health: 0/47       AC:  7    Str: 23    XL:     5   Next: 59%
Magic:  4/4        EV:  9    Int:  5    God:    Okawaru [*.....]
Gold:   216        SH:  0    Dex:  9    Spells: 4/4 levels left

rFire   . . .      SeeInvis .   a - +0 war axe
rCold   . . .      Faith    .   s - orb {*Rage}
rNeg    . . .      Spirit   .   b - +0 scale mail
rPois   .          Reflect  .   (helmet restricted)
rElec   .          Harm     .   (no cloak)
rCorr   .          Rampage  .   (no gloves)
Will    .....      Rage     20% (no boots)
Stlth   ..........              (no amulet)
HPRegen 0.15/turn               (no ring)
MPRegen 0.09/turn               (no ring)

@: mighty, on berserk cooldown, slowed, very slow
A: horns 2, retaliatory headbutt
a: Renounce Religion, Heroism


You were on level 4 of the Dungeon.
You worshipped Okawaru.
Okawaru was aware of your devotion.
You visited 1 branch of the dungeon, and saw 4 of its levels.

You collected 216 gold pieces.

Inventory:

Hand Weapons
 a - a +0 war axe (weapon)
Armour
 b - a +0 scale mail (worn)
 c - a +0 buckler
 s - an orb of wrath (worn)
Jewellery
 r - a ring of willpower
Wands
 n - a wand of digging (6)
Scrolls
 g - a scroll of enchant armour {unknown}
 h - 2 scrolls of teleportation {unknown}
 i - 2 scrolls of enchant weapon {unknown}
 j - 2 scrolls of fog {unknown}
 k - 3 scrolls of identify {unknown}
 o - a scroll of silence {unknown}
 q - a scroll of immolation {unknown}
Potions
 d - a potion of might
 e - 2 potions of heal wounds {unknown}
 f - 3 potions of curing {unknown}
 l - 2 potions of attraction {unknown}
 m - 2 potions of lignification {unknown}
 p - a potion of degeneration {unknown}


   Skills:
 + Level 4.9 Fighting
 * Level 5.3 Axes
 + Level 4.9 Armour
 - Level 3.6 Shields


You had 4 spell levels left.
You didn't know any spells.
Your spell library was empty.

Dungeon Overview and Level Annotations

Branches:
Dungeon (4/15)
 Temple: D:4-7

Altars:
Dithmenos
Fedhas
Okawaru
Beogh


Innate Abilities, Weirdness & Mutations

You have a pair of horns on your head.
You reflexively headbutt those who attack you in melee.


Message History

A sky beast comes into view.
Your Axes skill increases to level 5!
You have reached level 5!
You are too injured to fight recklessly!
You are too injured to fight recklessly!
You are too injured to fight recklessly!
You feel a strong urge to attack something.
The goblin unwields a +0 club.
The goblin wields a +0 hunting sling.
The goblin shoots a sling bullet.
The sling bullet hits you but does no damage.
You see here 14 gold pieces.
You feel your anger nearly subside.
The sky beast hits you but does no damage.
The goblin unwields a +0 hunting sling.
The goblin wields a +0 club.
The goblin closely misses you.
You closely miss the sky beast. You barely miss the goblin.
You are no longer berserk.
You are exhausted.
You feel yourself slow down. The sky beast hits you. The sky beast shocks you.
You slash the sky beast!
You headbutt the sky beast, but do no damage.
The sky beast is heavily wounded.
You closely miss the goblin. The goblin hits you but does no damage.
The sky beast hits you but does no damage.
The goblin barely misses you. You furiously retaliate!
You headbutt the goblin!
You kill the goblin!
Okawaru accepts your kill.
The sky beast flickers out of sight!
Deactivating autopickup; reactivate with Ctrl-A.
Something hits you but does no damage.
You feel very mighty all of a sudden. Something hits you but does no damage.
You miss something. Your headbutt misses something. Something hits you.
* * * LOW HITPOINT WARNING * * *
Something shocks you.
* * * LOW HITPOINT WARNING * * *
Something hits you.
* * * LOW HITPOINT WARNING * * *
Something shocks you.
You die...

### ..# #.# # #.#
#### #. ##.# ...
#.###..####.######
##.#..).#)..?.......#
#....{@.$...#)..###.#
#..#####..#.#.#.#
#..#.#.#.# #..#.#.#.#
#..#.#.#.# ...#.#.#.#
##.##.#.#.#
#.#......##
.....#.....# .


There were no monsters in sight!

Vanquished Creatures
  An ogre (D:4)
  An orc priest (D:3)
  4 adders
  A worm (D:2)
  2 dart slugs
  4 orcs (D:3)
  4 endoplasms
  3 giant cockroaches
  3 hobgoblins
  6 kobolds
  3 quokkas
  3 ball pythons
  3 bats
  3 frilled lizards
  7 goblins
  10 rats
58 creatures vanquished.

Vanquished Creatures (others)
  2 fungi (D:1)
  A plant (D:1)
3 creatures vanquished.

Grand Total: 61 creatures vanquished

Notes
Turn   | Place    | Note
-------+----------+-------------------------------------------
     0 | D:1      | KateM the Minotaur Fighter began the quest for the Orb.
     0 | D:1      | Reached XP level 1. HP: 19/19 MP: 0/0
   303 | D:1      | Reached XP level 2. HP: 22/27 MP: 1/1
   304 | D:1      | Reached skill level 3 in Axes
   430 | D:1      | Found a faded altar of an unknown god.
   904 | D:2      | Reached XP level 3. HP: 33/33 MP: 2/2
  1123 | D:2      | Reached skill level 4 in Axes
  1396 | D:3      | Found a shadowy altar of Dithmenos.
  1419 | D:3      | Reached XP level 4. HP: 40/40 MP: 3/3
  1504 | D:3      | Found a blossoming altar of Fedhas.
  1838 | D:3      | Found an iron altar of Okawaru.
  1846 | D:3      | Became a worshipper of Warmaster Okawaru
  2214 | D:3      | Found the +7 staff of the Meek {protect, meekguard}
  2531 | D:4      | Noticed an ogre
  2537 | D:4      | Killed an ogre
  2537 | D:4      | Reached * piety under Okawaru
  2537 | D:4      | Noticed a sky beast
  2538 | D:4      | Reached skill level 5 in Axes
  2538 | D:4      | Reached XP level 5. HP: 32/47 MP: 4/4
  2545 | D:4      | Slain by a sky beast

Illustrated notes

Levels and vault maps discovered:
D:1:      matt_arrival_grand_opening, layout_loops_ring,
          dreamdust_ecumenical_altar_grove, dk_noncrumbling_2,
          minmay_tetromino_l2
D:2:      layout_rooms
D:3:      layout_loops_corners, kennysheep_okawaru_gauntlet,
          mainiacjoe_overflow_small_starburst,
          mainiacjoe_overflow_concentric_impassable, pf_guarded_unrand_meek
D:4:      layout_loops_ring, elyvilon_altar_5, slow_altar_2,
          grunt_ministairs_14, kennysheep_generic_room_6

Skill      XL: |  1  2  3  4 |
---------------+-------------+-----
Axes           | 3 4 5 |  5.3
Fighting       | 4 |  4.9
Armour         | 4 |  4.9
Shields        | |  3.6

Action                   |  1- 3 |  4- 6 || total
-------------------------+-------+-------++-------
Melee: War axe           |    95 |    23 ||   118
       Headbutt          |     6 |     5 ||    11
  Use: Potion            |       |     1 ||     1
Armor: Scale mail        |    46 |    18 ||    64
Dodge: Dodged            |    46 |    14 ||    60
Block: Buckler           |    13 |     6 ||    19

Table legend: (Time is in decaauts)
 A = Elapsed time spent in this place.
 B = Non-inter-level travel time spent in this place.
 C = Inter-level travel time spent in this place.
 D = Time resting spent in this place.
 E = Time spent auto-exploring this place.
 F = Levels seen in this place.
 G = Mean time per level.
                   A        B        C        D        E       F      G
               +--------+--------+--------+--------+--------+-----+--------+
         Total |   2585 |   2585 |      0 |    180 |   1942 |   4 |  646.2 |
       Dungeon |   2585 |   2585 |      0 |    180 |   1942 |   4 |  646.2 |
               +--------+--------+--------+--------+--------+-----+--------+

Top non-repeatable levels by time:
     D:3: 1127 daAuts
     D:1: 807 daAuts
     D:2: 546 daAuts
     D:4: 103 daAuts
